 Dungeon Crawl Stone Soup version 0.27-a0-334-g52645efa06 (webtiles) character file.

Game seed: 158412305735076331

1376 wakim the Stinger (level 8, 0/54 HPs)
             Began as an Octopode Venom Mage on Feb 13, 2021.
             Slain by a human zombie (8 damage)
             ... in an ossuary.
             The game lasted 00:19:55 (6995 turns).

wakim the Stinger (Octopode Venom Mage)             Turns: 6995, Time: 00:19:56

Health: 0/54       AC:  1    Str:  7    XL:     8   Next: 66%
Magic:  16/23      EV: 15    Int: 20    God:
Gold:   167        SH:  0    Dex: 12    Spells: 5/15 levels left

rFire    . . .     SeeInvis .     - Unarmed
rCold    . . .     Faith    .   (no shield)
rNeg     . . .     Spirit   .   (helmet restricted)
rPois    .         Reflect  .   (no amulet)
rElec    .         Harm     .   h - ring of magical power
rCorr    .         Rampage  .   (no ring)
Will     .....                  (no ring)
Stlth    ++++......             (no ring)
HPRegen  0.18/turn              (no ring)
MPRegen  0.18/turn              (no ring)
                                (no ring)
                                (no ring)

@: lethally poisoned (0 -> 0)
A: almost no armour, stealthy swim, amphibious, 8 rings, constrict 8, camouflage
1, gelatinous body 1
a: no special abilities


You were in an ossuary.
You visited 1 branch of the dungeon, and saw 5 of its levels.
You also visited: Ossuary.

You collected 167 gold pieces.

Inventory:

Hand Weapons
 b - a +0 spear
Jewellery
 h - a ring of magical power (left tentacle)
Wands
 n - a wand of flame (23)
Scrolls
 a - 2 scrolls of fear {unknown}
 c - 3 scrolls of immolation {unknown}
 d - 2 scrolls of amnesia {unknown}
 f - a scroll of magic mapping
 g - 4 scrolls of identify
 j - 4 scrolls of enchant armour {unknown}
 k - 2 scrolls of noise {unknown}
 l - 3 scrolls of teleportation {unknown}
 m - a scroll of enchant weapon {unknown}
Potions
 e - a potion of might
 i - a potion of mutation {unknown}
 o - a potion of heal wounds
 p - 3 potions of curing
 q - 2 potions of brilliance {unknown}


   Skills:
 * Level 3.9 Fighting
 * Level 4.5 Dodging
 + Level 4.8 Stealth
 - Level 3.1 Unarmed Combat
 + Level 4.3 Spellcasting
 - Level 1.0 Transmutations
 - Level 2.0 Fire Magic
 + Level 7.3 Poison Magic


You had 5 spell levels left.
You knew the following spells:

 Your Spells              Type           Power        Failure   Level
a - Sting                 Tmut/Pois      80%          2%          1
b - Poisonous Vapours     Pois/Air       36%          4%          2
c - Olgreb's Toxic Radia  Pois           33%          6%          4
d - Ignite Poison         Fire/Tmut/Pois 18%          9%          3

Your spell library contained the following spells:

 Spells                   Type           Power        Failure   Level
 Mephitic Cloud           Conj/Pois/Air  14%          14%         3


Dungeon Overview and Level Annotations

Branches:
Dungeon (5/15)             Temple (0/1) D:5         Ossuary (1/1)

Altars:
Okawaru


Innate Abilities, Weirdness & Mutations

You cannot wear most types of armour.
You are very stealthy in the water. (Stealth+)
You are amphibious.
You can wear up to eight rings at the same time.
You can use your tentacles to constrict eight enemies at once.
Your skin changes colour to match your surroundings (Stealth+).
Your rubbery body absorbs attacks. (AC +1, EV +1)


Message History

There is an open door here.
You tentacle-slap the centaur zombie.
The centaur zombie is heavily damaged.
The centaur zombie misses you.
You barely miss the centaur zombie.
The centaur zombie is heavily damaged.
You feel sick. The centaur zombie closely misses you.
A poisoned dart hits the human zombie, but does no damage!
You tentacle-slap the centaur zombie.
The centaur zombie is severely damaged.
The centaur zombie closely misses you. The human zombie hits you!
* * * LOW HITPOINT WARNING * * *
The centaur zombie misses you.
You tentacle-slap the centaur zombie.
The centaur zombie is severely damaged.
You feel sick. The centaur zombie closely misses you.
The human zombie closely misses you.
You tentacle-slap the centaur zombie. You squeeze the centaur zombie.
The centaur zombie is almost destroyed.
The centaur zombie misses you. The human zombie hits you.
* * * LOW HITPOINT WARNING * * *
You tentacle-slap the centaur zombie.
You destroy the centaur zombie!
You tentacle-slap the human zombie. Your grab misses the human zombie.
The human zombie is heavily damaged.
You feel sick. The human zombie closely misses you.
You barely miss the human zombie. Your grab misses the human zombie.
You tentacle-slap the human zombie.
The human zombie is heavily damaged.
The human zombie hits you.
* * * LOW HITPOINT WARNING * * *
You tentacle-slap the human zombie but do no damage.
You grab the human zombie.
You squeeze the human zombie, but do no damage.
The human zombie is heavily damaged.
You constrict the human zombie. You tentacle-slap the human zombie.
The human zombie is heavily damaged.
You constrict the human zombie.
You feel sick. The human zombie hits you!
You die...

#########################
#...#...#...#^^^^^^^#†..#
#...'...8...@^^^^^^^'...#
#...#.......#Z^^^^^^#†..#
##'###8...8###########+##
#...#.......#...#...#.!?#
#...#...8...#...8...#!M.#
#...#...#...#.......#!?!#
##########'###8...8######
#^^^#...#^^^#.......#^^^#
#^^^'...'^^^#...8...'^^^#


You could see a human zombie.

Vanquished Creatures
  Edmund (D:4)
  3 ogres
  A centaur (D:5)
  8 scorpions (Ossuary)
  A howler monkey (D:4)
  2 human zombies (Ossuary)
  A centaur zombie (Ossuary)
  A hound (D:4)
  3 worker ants (D:4)
  A mummy (Ossuary)
  Robin (D:4)
  5 gnolls
  8 adders
  4 scorpion zombies (Ossuary)
  2 oozes (D:2)
  4 worms
  4 dart slugs (D:2)
  5 leopard geckos
  2 orcs
  2 ball pythons
  9 bats
  5 giant cockroaches
  3 gnoll zombies (Ossuary)
  18 goblins
  6 hobgoblins
  2 jackals (D:2)
  13 kobolds
  A quokka (D:5)
  A ball python skeleton (D:4)
  6 frilled lizards
  2 hobgoblin zombies (Ossuary)
  A kobold zombie (Ossuary)
  An orc zombie (Ossuary)
  8 rats
135 creatures vanquished.

Vanquished Creatures (others)
  An orc zombie (Ossuary)
1 creature vanquished.

Grand Total: 136 creatures vanquished

Notes
Turn   | Place    | Note
-------+----------+-------------------------------------------
     0 | D:1      | wakim the Octopode Venom Mage began the quest for the Orb.
     0 | D:1      | Reached XP level 1. HP: 11/11 MP: 3/3
   254 | D:1      | Reached skill level 4 in Poison Magic
   254 | D:1      | Reached XP level 2. HP: 11/17 MP: 3/5
   460 | D:1      | Reached skill level 1 in Unarmed Combat
   540 | D:1      | Learned a level 2 spell: Poisonous Vapours
   580 | D:1      | Reached XP level 3. HP: 21/21 MP: 3/6
  1788 | D:2      | Reached XP level 4. HP: 27/27 MP: 2/7
  1918 | D:2      | Learned a level 4 spell: Olgreb's Toxic Radiance
  2239 | D:2      | Reached skill level 5 in Poison Magic
  2751 | D:2      | Found an iron altar of Okawaru.
  3112 | D:3      | Reached XP level 5. HP: 31/31 MP: 9/9
  3498 | D:3      | HP: 1/31 [poisoned by an adder]
  3736 | D:3      | Noticed an ogre
  3949 | D:3      | Noticed an ogre
  3954 | D:3      | Learned a level 3 spell: Ignite Poison
  3960 | D:3      | Killed an ogre
  3961 | D:3      | Reached skill level 6 in Poison Magic
  3961 | D:3      | Reached XP level 6. HP: 17/36 MP: 2/10
  4522 | D:4      | Noticed Edmund
  4525 | D:4      | Killed Edmund
  4842 | D:4      | Reached skill level 7 in Poison Magic
  4842 | D:4      | Reached XP level 7. HP: 41/41 MP: 5/12
  4866 | D:4      | Noticed Robin
  4872 | D:4      | Killed Robin
  4925 | D:3      | Reached skill level 1 in Fighting
  5260 | D:4      | Reached skill level 1 in Fire Magic
  6183 | D:5      | Entered Level 5 of the Dungeon
  6207 | D:5      | Reached XP level 8. HP: 29/51 MP: 11/14
  6208 | D:5      | Found a sand-covered staircase.
  6338 | Ossuary  | Entered an ossuary
  6995 | Ossuary  | Slain by a human zombie

Illustrated notes

Levels and vault maps discovered:
D:1:      dpeg_cavernosity, layout_basic
D:2:      minmay_angry_zag, layout_basic, okawaru_ov_weapons_minmay
D:3:      layout_loops_corners
D:4:      layout_layer_cave, uniq_edmund, uniq_robin
D:5:      minmay_goblin_kobold_castle, layout_basic, temple_doors_ab,
          nicolae_ossuary_entry_monument, serial_glass, glass_columns_c,
          glass_columns_c, uniq_menkaure
Ossuary:  ossuary_minmay_scorpions

Skill      XL: |  1  2  3  4  5  6  7  8 |
---------------+-------------------------+-----
Poison Magic   | 4 5 6 7 |  7.3
Unarmed Combat | 1 2 3 |  3.1
Spellcasting   | 3 4 |  4.3
Fighting       | 2 3 |  3.9
Stealth        | 3 4 |  4.8
Fire Magic     | 1 2 |  2.0
Dodging        | 3 4 |  4.5
Transmutations | |  1.0

Action                   |  1- 3 |  4- 6 |  7- 9 || total
-------------------------+-------+-------+-------++-------
Melee: Spear             |    24 |    74 |    29 ||   127
       Constrict         |     8 |    11 |    24 ||    43
       Tentacles         |     3 |     3 |    27 ||    33
       Punch             |       |     1 |     4 ||     5
       Unarmed           |       |       |    95 ||    95
 Cast: Sting             |     8 |       |       ||     8
       Poisonous Vapours |    24 |    35 |    12 ||    71
       Olgreb's Toxic Ra |       |    13 |    13 ||    26
       Ignite Poison     |       |     3 |     8 ||    11
  Use: Potion            |       |     4 |     2 ||     6
       Scroll            |       |     4 |     1 ||     5
 Stab: Sleeping          |     4 |     8 |     5 ||    17
Armor: Skin              |     2 |     4 |     7 ||    13
Dodge: Dodged            |    11 |    32 |    83 ||   126

Table legend: (Time is in decaauts)
 A = Elapsed time spent in this place.
 B = Non-inter-level travel time spent in this place.
 C = Inter-level travel time spent in this place.
 D = Time resting spent in this place.
 E = Time spent auto-exploring this place.
 F = Levels seen in this place.
 G = Mean time per level.
                   A        B        C        D        E       F      G
               +--------+--------+--------+--------+--------+-----+--------+
         Total |   7004 |   6806 |    198 |   2651 |   2919 |   6 | 1167.3 |
       Dungeon |   6352 |   6154 |    198 |   2270 |   2886 |   5 | 1270.4 |
       Ossuary |    652 |    652 |      0 |    381 |     33 |   1 |  652.0 |
               +--------+--------+--------+--------+--------+-----+--------+

Top non-repeatable levels by time:
     D:1: 1728 daAuts
     D:3: 1567 daAuts
     D:4: 1518 daAuts
     D:2: 1383 daAuts
 Ossuary: 652 daAuts
     D:5: 154 daAuts
